| TOP OF THE 1ST |
|
Danville Veterans batting - Pitching for Cedar Rapids Cardinals : RHP DeVallon Harper
|
|
Pitching: RHP DeVallon Harper
|
|
|
Batting: RHB Billy Hatcher
|
0-0: SINGLE (Groundball, 56, EV 86.3 MPH) (infield hit)
|
|
Batting: RHB Henry Janssen
|
0-0: Ball 1-0: Ball 2-0: Ball 3-0: Base on Balls Billy Hatcher to second
|
|
Batting: SHB Donnie Hill
|
0-0: SINGLE (Groundball, 3D, EV 98.1 MPH) Billy Hatcher to third Henry Janssen to second
|
|
Batting: LHB Mark Salas
|
0-0: Called Strike 0-1: Ball 1-1: Foul Ball, location: 2F 1-2: Ball 2-2: Ball 3-2: Strikes out swinging
|
|
Batting: RHB Barry Brunenkant
|
0-0: Ball 1-0: Ball 2-0: Swinging Strike 2-1: Ball 3-1: Foul Ball, location: 2F 3-2: Strikes out looking
|
|
Batting: RHB Ed Saavedra
|
0-0: Ball 1-0: Ball 2-0: Called Strike 2-1: Ball 3-1: Base on Balls Billy Hatcher scores Henry Janssen to third Donnie Hill to second
|
|
Batting: RHB Vincent Pone
|
0-0: Ball 1-0: Ball 2-0: Fly out, F2 (Popup, 3SF, EV 78.8 MPH)
|
| Top of the 1st over - 1 run, 2 hits, 0 errors, 3 left on base; Danville 1 - Cedar Rapids 0 |
| BOTTOM OF THE 1ST |
|
Cedar Rapids Cardinals batting - Pitching for Danville Veterans : LHP Donald Johnson
|
|
Pitching: LHP Donald Johnson
|
|
|
Batting: RHB Reggie D Williams
|
0-0: Swinging Strike 0-1: Swinging Strike 0-2: Ground out 1-3 (Groundball, 34S, EV 70.0 MPH)
|
|
Batting: RHB Nehames Bernstine
|
0-0: Ground out 5-3 (Groundball, 56S, EV 91.9 MPH)
|
|
Batting: RHB Winston Ficklin
|
0-0: Ball 1-0: Ball 2-0: Called Strike 2-1: Fly out, F8 (Flyball, 78S, EV 88.8 MPH)
|
| Bottom of the 1st over - 0 runs, 0 hits, 0 errors, 0 left on base; Danville 1 - Cedar Rapids 0 |
| TOP OF THE 2ND |
|
Danville Veterans batting - Pitching for Cedar Rapids Cardinals : RHP DeVallon Harper
|
|
Batting: RHB Jeff Moronko
|
0-0: Foul Ball, location: 2F 0-1: Ball 1-1: Foul Ball, location: 2F 1-2: Strikes out swinging
|
|
Batting: RHB Jeff Hall
|
0-0: Ball 1-0: Ball 2-0: Ball 3-0: Called Strike 3-1: Base on Balls
|
|
Batting: RHB Billy Hatcher
|
0-0: Called Strike 0-1: Ball 1-1: SINGLE (Groundball, P, EV 81.3 MPH) (infield hit) Jeff Hall to second
|
|
Batting: RHB Henry Janssen
|
0-0: Ball 1-0: Called Strike 1-1: Swinging Strike 1-2: Ball 2-2: Strikes out swinging
|
|
Batting: SHB Donnie Hill
|
0-0: Fly out, F8 (Flyball, 8LXD, EV 95.0 MPH)
|
| Top of the 2nd over - 0 runs, 1 hit, 0 errors, 2 left on base; Danville 1 - Cedar Rapids 0 |
| BOTTOM OF THE 2ND |
|
Cedar Rapids Cardinals batting - Pitching for Danville Veterans : LHP Donald Johnson
|
|
Batting: SHB Bryan Hoppie
|
0-0: Ball 1-0: Ball 2-0: Called Strike 2-1: Ground out 6-3 (Groundball, 56, EV 100.6 MPH)
|
|
Batting: SHB Steve McAllister
|
0-0: Called Strike 0-1: Foul Ball, location: 2F 0-2: Ball 1-2: Ball 2-2: Foul Ball, location: 2F 2-2: Ball 3-2: Ground out 4-3 (Groundball, 4M, EV 77.5 MPH)
|
|
Batting: RHB Dean Kornacker
|
0-0: Called Strike 0-1: Ball 1-1: Ground out U3 (Groundball, 34S, EV 81.9 MPH)
|
| Bottom of the 2nd over - 0 runs, 0 hits, 0 errors, 0 left on base; Danville 1 - Cedar Rapids 0 |
| TOP OF THE 3RD |
|
Danville Veterans batting - Pitching for Cedar Rapids Cardinals : RHP DeVallon Harper
|
|
Batting: LHB Mark Salas
|
0-0: Foul Ball, location: 2F 0-1: Ball 1-1: Called Strike 1-2: DOUBLE (Flyball, 78XD, EV 106.9 MPH)
|
|
Batting: RHB Barry Brunenkant
|
0-0: Ball 1-0: Foul Ball, location: 2F 1-1: Foul Ball, location: 2F 1-2: Strikes out swinging
|
|
Batting: RHB Ed Saavedra
|
0-0: Ball 1-0: Ground out 6-3 (Groundball, 6, EV 108.8 MPH)
|
|
Batting: RHB Vincent Pone
|
0-0: Ground out 6-3 (Groundball, 4MS, EV 73.1 MPH)
|
| Top of the 3rd over - 0 runs, 1 hit, 0 errors, 1 left on base; Danville 1 - Cedar Rapids 0 |
| BOTTOM OF THE 3RD |
|
Cedar Rapids Cardinals batting - Pitching for Danville Veterans : LHP Donald Johnson
|
|
Batting: LHB Robert O'Leath
|
0-0: Called Strike 0-1: Foul Ball, location: 2F 0-2: Ball 1-2: Ball 2-2: Foul Ball, location: 2F 2-2: Ground out 4-3 (Groundball, 4, EV 101.3 MPH)
|
|
Batting: RHB Orlando Ramirez
|
0-0: Ball 1-0: Called Strike 1-1: Swinging Strike 1-2: Foul Ball, location: 2F 1-2: DOUBLE (Flyball, 8RXD, EV 109.4 MPH)
|
|
Batting: SHB Duane Johnson
|
0-0: Foul Ball, location: 2F 0-1: Fly out, F8 (Flyball, 8LD, EV 107.5 MPH) Runner from 2nd tags up, SAFE at 3rd with throw by CF
|
|
Batting: RHB Reggie D Williams
|
0-0: Foul Ball, location: 2F 0-1: Called Strike 0-2: Ball 1-2: Strikes out looking
|
| Bottom of the 3rd over - 0 runs, 1 hit, 0 errors, 1 left on base; Danville 1 - Cedar Rapids 0 |
| TOP OF THE 4TH |
|
Danville Veterans batting - Pitching for Cedar Rapids Cardinals : RHP DeVallon Harper
|
|
Batting: RHB Jeff Moronko
|
0-0: Ball 1-0: Ball 2-0: Ball 3-0: Base on Balls
|
|
Batting: RHB Jeff Hall
|
0-0: Fly out, F3 (Line Drive, 3, EV 70.6 MPH)
|
|
Batting: RHB Billy Hatcher
|
0-0: Ball 1-0: Ball 2-0: Foul Ball, location: 2F 2-1: Foul Ball, location: 2F 2-2: Fly out, F5 (Popup, 5SF, EV 75.0 MPH)
|
|
Batting: RHB Henry Janssen
|
0-0: Ball 1-0: Foul Ball, location: 2F 1-1: Foul Ball, location: 2F 1-2: Ball 2-2: Fielders Choice at 2nd, 5-4 (Groundball, 56, EV 90.0 MPH)
|
| Top of the 4th over - 0 runs, 0 hits, 0 errors, 1 left on base; Danville 1 - Cedar Rapids 0 |
| BOTTOM OF THE 4TH |
|
Cedar Rapids Cardinals batting - Pitching for Danville Veterans : LHP Donald Johnson
|
|
Batting: RHB Nehames Bernstine
|
0-0: Ball 1-0: Ball 2-0: Foul Ball, location: 2F 2-1: Ground out 5-3 (Groundball, 56S, EV 79.4 MPH)
|
|
Batting: RHB Winston Ficklin
|
0-0: Ball 1-0: Swinging Strike 1-1: Ball 2-1: Ball 3-1: Fly out, F8 (Flyball, 8RD, EV 87.5 MPH)
|
|
Batting: SHB Bryan Hoppie
|
0-0: Called Strike 0-1: Ball 1-1: Ground out U3 (Groundball, 23, EV 79.4 MPH)
|
| Bottom of the 4th over - 0 runs, 0 hits, 0 errors, 0 left on base; Danville 1 - Cedar Rapids 0 |
| TOP OF THE 5TH |
|
Danville Veterans batting - Pitching for Cedar Rapids Cardinals : RHP DeVallon Harper
|
|
Batting: SHB Donnie Hill
|
0-0: Ball 1-0: Fly out, F9 (Flyball, 89M, EV 88.1 MPH)
|
|
Batting: LHB Mark Salas
|
0-0: Ball 1-0: SINGLE (Groundball, 4MD, EV 103.8 MPH)
|
|
Batting: RHB Barry Brunenkant
|
0-0: Called Strike 0-1: Fielders Choice at 2nd, 1-6 (Groundball, 34S, EV 63.1 MPH)
|
|
Batting: RHB Ed Saavedra
|
0-0: SINGLE (Groundball, 6D, EV 96.9 MPH) Barry Brunenkant to second
|
|
Batting: RHB Vincent Pone
|
0-0: Called Strike 0-1: Swinging Strike 0-2: Foul Ball, location: 2F 0-2: Strikes out swinging
|
| Top of the 5th over - 0 runs, 2 hits, 0 errors, 2 left on base; Danville 1 - Cedar Rapids 0 |
| BOTTOM OF THE 5TH |
|
Cedar Rapids Cardinals batting - Pitching for Danville Veterans : LHP Donald Johnson
|
|
Batting: SHB Steve McAllister
|
0-0: Called Strike 0-1: Ground out 4-3 (Groundball, 4, EV 85.0 MPH)
|
|
Batting: RHB Dean Kornacker
|
0-0: Called Strike 0-1: Ball 1-1: Ball 2-1: Ball 3-1: Reached on error, E4 (Groundball, 4M, EV 102.5 MPH)
|
|
Batting: LHB Robert O'Leath
|
0-0: Ball 1-0: Swinging Strike 1-1: Fielders Choice at 2nd, 4-6 (Groundball, 4D, EV 105.6 MPH)
|
|
Batting: RHB Orlando Ramirez
|
0-0: Ball 1-0: Swinging Strike 1-1: Foul Ball, location: 2F 1-2: Ball 2-2: Ball 3-2: Fly out, F7 (Line Drive, 7D, EV 90.6 MPH)
|
| Bottom of the 5th over - 0 runs, 0 hits, 1 error, 1 left on base; Danville 1 - Cedar Rapids 0 |
| TOP OF THE 6TH |
|
Danville Veterans batting - Pitching for Cedar Rapids Cardinals : RHP DeVallon Harper
|
|
Batting: RHB Jeff Moronko
|
0-0: Called Strike 0-1: SINGLE (Line Drive, 9S, EV 90.6 MPH)
|
|
Batting: RHB Jeff Hall
|
0-0: Ball 1-0: Swinging Strike 1-1: Ball 2-1: Called Strike 2-2: Grounds into double play, 6-4-3 (Groundball, 6, EV 87.5 MPH)
|
|
Batting: RHB Billy Hatcher
|
0-0: Ball 1-0: Ball 2-0: Ground out 4-3 (Groundball, 4, EV 98.1 MPH)
|
| Top of the 6th over - 0 runs, 1 hit, 0 errors, 0 left on base; Danville 1 - Cedar Rapids 0 |
| BOTTOM OF THE 6TH |
|
Cedar Rapids Cardinals batting - Pitching for Danville Veterans : LHP Donald Johnson
|
|
Batting: SHB Duane Johnson
|
0-0: Bunt for hit to 25 - play at first, batter safe!
|
|
Batting: RHB Reggie D Williams
|
0-0: Swinging Strike 0-1: Bunt missed! 0-2: Ball 1-2: Ball 2-2: SINGLE (Flyball, 4MD, EV 88.8 MPH) Duane Johnson to second
|
|
Batting: RHB Nehames Bernstine
|
0-0: Sac Bunt to 15S - play at first, batter OUT! 1-3 Duane Johnson to third Reggie D Williams to second
|
|
Batting: RHB Winston Ficklin
|
0-0: Ball 1-0: Ball 2-0: Ball 3-0: Called Strike 3-1: Base on Balls
|
|
Batting: SHB Bryan Hoppie
|
0-0: Ball 1-0: Ball 2-0: Ball 3-0: Called Strike 3-1: Base on Balls Duane Johnson scores Reggie D Williams to third Winston Ficklin to second
|
|
Batting: SHB Steve McAllister
|
0-0: Called Strike 0-1: Ball 1-1: Called Strike 1-2: SINGLE (Groundball, 56, EV 103.8 MPH) Reggie D Williams scores Winston Ficklin to third Bryan Hoppie to second Runner from 3rd tries for Home, SAFE, throw by LF to home
|
|
Batting: RHB Dean Kornacker
|
0-0: Ball 1-0: Foul Ball, location: 2F 1-1: SINGLE (Groundball, 34D, EV 106.3 MPH) Bryan Hoppie to third Steve McAllister to second Runner from 3rd tries for Home, SAFE, throw by RF to home
|
|
Batting: LHB Robert O'Leath
|
0-0: Ball 1-0: Foul Ball, location: 2F 1-1: Foul Ball, location: 2F 1-2: Ball 2-2: Ball 3-2: Foul Ball, location: 2F 3-2: Fly out, F7 (Flyball, 7D, EV 94.4 MPH)
|
|
Batting: RHB Orlando Ramirez
|
0-0: Foul Ball, location: 2F 0-1: Ground out 4-3 (Groundball, 4, EV 78.1 MPH)
|
| Bottom of the 6th over - 4 runs, 4 hits, 0 errors, 2 left on base; Danville 1 - Cedar Rapids 4 |
| TOP OF THE 7TH |
|
Danville Veterans batting - Pitching for Cedar Rapids Cardinals : RHP DeVallon Harper
|
|
Batting: RHB Henry Janssen
|
0-0: Called Strike 0-1: Ball 1-1: Swinging Strike 1-2: Ball 2-2: Ground out 6-3 (Groundball, 6, EV 90.6 MPH)
|
|
Batting: SHB Donnie Hill
|
0-0: Swinging Strike 0-1: Ball 1-1: Ball 2-1: DOUBLE (Line Drive, 7LM, EV 110.6 MPH)
|
|
Batting: LHB Mark Salas
|
0-0: Ground out 6-3 (Groundball, 6M, EV 109.4 MPH) Donnie Hill to third
|
|
Batting: RHB Barry Brunenkant
|
0-0: Fly out, F7 (Flyball, 7LD, EV 91.9 MPH)
|
| Top of the 7th over - 0 runs, 1 hit, 0 errors, 1 left on base; Danville 1 - Cedar Rapids 4 |
| BOTTOM OF THE 7TH |
|
Cedar Rapids Cardinals batting - Pitching for Danville Veterans : LHP Donald Johnson
|
|
Batting: SHB Duane Johnson
|
0-0: Ball 1-0: Ground out 6-3 (Groundball, 6, EV 105.6 MPH)
|
|
Batting: RHB Reggie D Williams
|
0-0: Ball 1-0: Called Strike 1-1: Called Strike 1-2: Ball 2-2: Foul Ball, location: 2F 2-2: Ball 3-2: Fly out, F9 (Flyball, 9LD, EV 96.3 MPH)
|
|
Batting: RHB Nehames Bernstine
|
0-0: Ball 1-0: Ball 2-0: Foul Ball, location: 2F 2-1: DOUBLE (Line Drive, 89XD, EV 95.6 MPH)
|
|
Batting: RHB Winston Ficklin
|
0-0: Ball 1-0: Swinging Strike 1-1: Called Strike 1-2: Foul Ball, location: 2F 1-2: Ball 2-2: Foul Ball, location: 2F 2-2: Fly out, F7 (Flyball, 7LM, EV 89.4 MPH)
|
| Bottom of the 7th over - 0 runs, 1 hit, 0 errors, 1 left on base; Danville 1 - Cedar Rapids 4 |
| TOP OF THE 8TH |
|
Danville Veterans batting - Pitching for Cedar Rapids Cardinals : RHP DeVallon Harper
|
|
Batting: RHB Ed Saavedra
|
0-0: Ball 1-0: Reached on error, E3 (Groundball, 34, EV 80.6 MPH)
|
|
Batting: RHB Vincent Pone
|
0-0: Ball 1-0: Foul Ball, location: 2F 1-1: Called Strike 1-2: Strikes out swinging
|
|
Batting: RHB Jeff Moronko
|
0-0: Ball 1-0: Ball 2-0: Swinging Strike 2-1: Called Strike 2-2: Ball 3-2: Base on Balls Ed Saavedra to second
|
|
Batting: RHB Jeff Hall
|
0-0: Ball 1-0: Foul Ball, location: 2F 1-1: SINGLE (Groundball, 6MD, EV 102.5 MPH) Ed Saavedra to third Jeff Moronko to second Runner from 3rd tries for Home, SAFE, throw by CF to home
|
|
Batting: RHB Billy Hatcher
|
0-0: Ball 1-0: Fly out, F1 (Line Drive, P, EV 71.9 MPH) Lined into DP, 1-3 (Line Drive, P, EV 74.4 MPH)
|
| Top of the 8th over - 1 run, 1 hit, 1 error, 1 left on base; Danville 2 - Cedar Rapids 4 |
| BOTTOM OF THE 8TH |
|
Cedar Rapids Cardinals batting - Pitching for Danville Veterans : LHP Donald Johnson
|
|
Batting: SHB Bryan Hoppie
|
0-0: Ground out 4-3 (Groundball, 4M, EV 78.1 MPH)
|
|
Batting: SHB Steve McAllister
|
0-0: Fly out, F8 (Line Drive, 8LD, EV 85.0 MPH)
|
|
Batting: RHB Dean Kornacker
|
0-0: Ball 1-0: Ball 2-0: Ground out 5-3 (Groundball, 5, EV 90.0 MPH)
|
| Bottom of the 8th over - 0 runs, 0 hits, 0 errors, 0 left on base; Danville 2 - Cedar Rapids 4 |
| TOP OF THE 9TH |
|
Danville Veterans batting - Pitching for Cedar Rapids Cardinals : RHP DeVallon Harper
|
|
Pitching: RHP Jeffrey Musser
|
|
|
Batting: RHB Henry Janssen
|
0-0: Called Strike 0-1: Ball 1-1: Foul Ball, location: 2F 1-2: Foul Ball, location: 2F 1-2: Foul Ball, location: 2F 1-2: Ball 2-2: Ball 3-2: Ground out 5-3 (Groundball, 56, EV 97.5 MPH)
|
|
Batting: SHB Donnie Hill
|
0-0: Ball 1-0: Swinging Strike 1-1: Ball 2-1: Ball 3-1: SOLO HOME RUN (Flyball, 89XD, EV 97.5 MPH), Distance : 434 ft
|
|
Batting: LHB Mark Salas
|
0-0: Ball 1-0: Fly out, F1 (Popup, P, EV 80.6 MPH)
|
|
Batting: RHB Barry Brunenkant
|
0-0: Swinging Strike 0-1: Ball 1-1: Ball 2-1: Fly out, F3 (Popup, 3SF, EV 87.5 MPH)
|
| Top of the 9th over - 1 run, 1 hit, 0 errors, 0 left on base; Danville 3 - Cedar Rapids 4 |
|